 Dungeon Crawl Stone Soup version 0.29-a0-813-g4a14ea37d6 (webtiles) character file.

Game seed: 13249626271587243079

7 LynnLen the Sneak (level 1, 0/10 HPs)
             Began as a Vampire Enchanter on July 4, 2022.
             Slain by a frilled lizard (1 damage)
             ... on level 1 of the Dungeon.
             The game lasted 00:01:14 (211 turns).

LynnLen the Sneak (Vampire Enchanter)                Turns: 211, Time: 00:01:14

Health: 0/10       AC:  2    Str:  7    XL:     1   Next: 83%
Magic:  3/3        EV: 12    Int: 17    God:
Gold:   11         SH:  0    Dex: 14    Spells: 4/4 levels left

rFire   . . .      SeeInvis +   a - +1 dagger
rCold   + + .      Faith    .   (no shield)
rNeg    + + +      Spirit   .   b - +0 robe
rPois   ∞          Reflect  .   (no helmet)
rElec   .          Harm     .   (no cloak)
rCorr   .          Rampage  .   (no gloves)
Will    .....                   (no boots)
Stlth   +++++.....              (no amulet)
HPRegen 0.00/turn               (no ring)
MPRegen 0.08/turn               (no ring)

@: bloodless, inhibited regen
A: bloodless, fangs 3, see invisible, vampiric 1
a: Revivify


You were on level 1 of the Dungeon.
You visited 1 branch of the dungeon, and saw 1 of its levels.

You collected 11 gold pieces.

Inventory:

Hand Weapons
 a - a +1 dagger (weapon)
Armour
 b - a +0 robe (worn)
Scrolls
 e - a scroll of noise {unknown}
Potions
 c - 2 potions of invisibility
 d - a potion of degeneration {unknown}


   Skills:
 * Level 1.2 Short Blades
 + Level 2.2 Dodging
 * Level 4.9 Stealth
 + Level 2.0 Spellcasting
 + Level 4.5 Hexes


You had 4 spell levels left.
You didn't know any spells.
Your spell library contained the following spells:

 Spells                   Type           Power      Damage    Failure   Level
 Confusing Touch          Hex            17%        N/A       9%          3
 Tukima's Dance           Hex            17%        N/A       9%          3
 Ensorcelled Hibernation  Hex/Ice        18%        N/A       12%         2
 Dazzling Flash           Conj/Hex       18%        N/A       22%         3


Dungeon Overview and Level Annotations

Branches:
Dungeon (1/15)

Altars:


Innate Abilities, Weirdness & Mutations

You do not regenerate when monsters are visible.
You are frail without blood (-20% HP).
You can heal yourself when you bite living creatures.
You are immune to poison.
You have razor-sharp teeth.
You have supernaturally acute eyesight. (SInv)
You are afflicted with vampirism.


Message History

The ball python barely misses you. The ball python constricts you.
The giant cockroach barely misses you.
You barely miss the giant cockroach.
The giant cockroach is heavily wounded.
The ball python barely misses you. The ball python constricts you.
The giant cockroach bites you but does no damage.
You hit the giant cockroach. You bite the giant cockroach.
You kill the giant cockroach!
The ball python bites you. The ball python constricts you.
You escape the ball python's grasp.
The ball python barely misses you. The ball python grabs you.
The ball python constricts you.
You hit the ball python. You bite the ball python.
You kill the ball python!
Found a scroll labelled SOLAON JOACEL.
You now have 11 gold pieces.
e - a scroll labelled KUTUAXUCWI You start resting.
HP restored.
Found a short sword.
A frilled lizard and a jackal come into view.
A jackal comes into view.
The jackal barks! x2; You hear an angry hiss.
The jackal bites you but does no damage. x2
You hit the jackal. You bite the jackal.
You kill the jackal!
The jackal misses you. The jackal bites you.
A ball python comes into view.
The jackal bites you.
The frilled lizard bites you but does no damage.
You see here a jackal corpse.
The ball python hisses angrily.
You hit the frilled lizard.
The frilled lizard is heavily wounded.
The jackal bites you.
You closely miss the frilled lizard.
The frilled lizard is heavily wounded.
The jackal bites you.
* * * LOW HITPOINT WARNING * * *
The frilled lizard bites you.
You die...

#...# #..†#
#...# #...#
##...##
#....)#
#.....#
#.....#######
#...h@..)...#
#....l......#
#...........#
##..........#
#.?........#
#......S...#
#..........#
#..........+
#..........#


You could see a jackal, a ball python and a frilled lizard.

Vanquished Creatures
  A dart slug (D:1)
  A giant cockroach (D:1)
  A jackal (D:1)
  2 ball pythons (D:1)
5 creatures vanquished.

Notes
Turn   | Place    | Note
-------+----------+-------------------------------------------
     0 | D:1      | LynnLen the Vampire Enchanter began the quest for the Orb.
     0 | D:1      | Reached XP level 1. HP: 13/13 MP: 3/3
   211 | D:1      | Slain by a frilled lizard

Illustrated notes

Levels and vault maps discovered:
D:1:      amcnicky_arrival_underground_garden, layout_basic

Action                   || total
-------------------------++-------
Melee: Dagger            ||    17
       Bite              ||     4
 Abil: Exsanguinate      ||     1
 Stab: Sleeping          ||     1
Armor: Robe              ||     5
Dodge: Dodged            ||    15

Table legend: (Time is in decaauts)
 A = Elapsed time spent in this place.
 B = Non-inter-level travel time spent in this place.
 C = Inter-level travel time spent in this place.
 D = Time resting spent in this place.
 E = Time spent auto-exploring this place.
 F = Levels seen in this place.
 G = Mean time per level.
                   A        B        C        D        E       F      G
               +--------+--------+--------+--------+--------+-----+--------+
         Total |    209 |    209 |      0 |    125 |     20 |   1 |  209.0 |
       Dungeon |    209 |    209 |      0 |    125 |     20 |   1 |  209.0 |
               +--------+--------+--------+--------+--------+-----+--------+

Top non-repeatable levels by time:
     D:1: 209 daAuts
